 Dungeon Crawl Stone Soup version 0.28-a0-850-g09de17f5b5 (webtiles) character file.

Game seed: 8788589460833355532

64 vurker the Grave Robber (level 4, -1/22 HPs)
             Began as a Vine Stalker Necromancer on Nov 13, 2021.
             Killed from afar by Ijyb (18 damage)
             ... with a bolt of acid
             ... on level 3 of the Dungeon.
             The game lasted 00:02:15 (2500 turns).

vurker the Grave Robber (Vine Stalker Necromancer)  Turns: 2500, Time: 00:02:16

Health: -1/22      AC:  6    Str: 11    XL:     4   Next: 12%
Magic:  0/8        EV: 10    Int: 15    God:
Gold:   83         SH:  0    Dex: 15    Spells: 6/7 levels left

rFire   + . .      SeeInvis .     - Unarmed
rCold   . . .      Faith    .   (no shield)
rNeg    . . .      Spirit   +   f - +0 ring mail
rPois   .          Reflect  .   g - +0 helmet
rElec   .          Harm     .   (no cloak)
rCorr   .          Rampage  .   (no gloves)
Will    .....                   (no boots)
Stlth   +.........              (no amulet)
HPRegen 1.07/turn               d - ring of protection from fire
MPRegen 0.11/turn               (no ring)

@: no status effects
A: fangs 2, regeneration 1, magic shield, antimagic bite, no potion heal 2
a: no special abilities


You were on level 3 of the Dungeon.
You visited 1 branch of the dungeon, and saw 3 of its levels.

You collected 83 gold pieces.

Inventory:

Armour
 f - a +0 ring mail (worn)
   (You found it on level 1 of the Dungeon)
 g - a +0 helmet (worn)
   (You found it on level 2 of the Dungeon)
Jewellery
 d - a ring of protection from fire (left hand)
   (You found it on level 1 of the Dungeon)
Scrolls
 a - a scroll of fog {unknown}
 b - 5 scrolls of identify {unknown}
 e - a scroll of magic mapping {unknown}
 h - a scroll of acquirement {unknown}
Potions
 c - a potion of attraction {unknown}
 i - a potion of might {unknown}
 j - a potion of heal wounds {unknown}
 k - a potion of flight {unknown}


   Skills:
 + Level 1.6 Fighting
 - Level 1.5 Dodging
 - Level 2.4 Stealth
 * Level 2.9 Unarmed Combat
 - Level 2.1 Spellcasting
 - Level 4.0 Necromancy


You had 6 spell levels left.
You knew the following spells:

 Your Spells              Type           Power      Damage    Failure   Level
a - Pain                  Necr           52%        1d6       11%         1

Your spell library contained the following spells:

 Spells                   Type           Power      Damage    Failure   Level
 Animate Skeleton         Necr           26%        N/A       11%         1
 Vampiric Draining        Necr           13%        2d6       30%         3
 Animate Dead             Necr           6%         N/A       71%         4
 Ignite Poison            Fire/Tmut/Pois 1%         N/A       85%         3
 Mephitic Cloud           Conj/Pois/Air  1%         N/A       85%         3
 Agony                    Necr           13%        N/A       96%         5
 Excruciating Wounds      Necr           6%         N/A       96%         5
 Freezing Cloud           Conj/Ice/Air   0%         6-21      100%        5


Dungeon Overview and Level Annotations

Branches:
Dungeon (3/15)

Altars:

Annotations:
D:3 Ijyb


Innate Abilities, Weirdness & Mutations

You have extremely sharp teeth.
Your natural rate of healing is unusually fast.
When hurt, damage is shared between your health and your magic reserves.
Your bite disrupts and absorbs the magic of your enemies.
Potions cannot restore your health.


Message History

No target in view!
No target in view!
Things that are here:
a +0 dagger; a stone
There is an open door here.
Found 9 gold pieces.
You now have 83 gold pieces (gained 9).
An adder comes into view.
The adder hisses angrily.
The adder bites you.
You are poisoned.
The adder poisons you!
You closely miss the adder. You bite the adder. You drain its power.
You feel sick. The adder closely misses you.
The adder bites you but does no damage.
You hit the adder. Your bite misses the adder.
You feel sick. The adder bites you but does no damage.
You hit the adder but do no damage.
You feel sick. The adder closely misses you.
You hit the adder. You bite the adder, but do no damage.
You feel sick. The adder bites you but does no damage.
You miss the adder. You bite the adder.
You kill the adder!
You feel sick.
You have reached level 4!
You feel agile.
You begin to heal more quickly.
You feel sick.
You are no longer poisoned.
You open the door.
There is an open door here.
Ijyb the Twisted Goblin comes into view.
She is wielding a +0 club and carrying a wand of acid (10).
Ijyb zaps a wand.
The bolt of acid misses you. Ijyb hits you with a +0 club.
You hit Ijyb. Your bite misses Ijyb. Ijyb hits you with a +0 club.
You hit Ijyb. Your bite misses Ijyb. Ijyb closely misses you.
You barely miss Ijyb. Your bite misses Ijyb. You hit Ijyb but do no damage.
Your bite misses Ijyb. Ijyb hits you with a +0 club.
You closely miss Ijyb. You bite Ijyb, but do no damage.
Ijyb hits you with a +0 club.
You barely miss Ijyb. Ijyb hits you with a +0 club.
You closely miss Ijyb. You bite Ijyb, but do no damage.
Ijyb hits you with a +0 club.
You hit Ijyb.
Ijyb zaps a wand.
The bolt of acid hits you!!
Ouch! That really hurt!
You die...

#.#.##.#.########
#.#.##.#.############
#...##..............#
##..####.############
#..# #.# #..# #.# #.#
#.# #@# #g# #.# #..
###


You could see Ijyb.

Vanquished Creatures
  An adder (D:3)
  A worm (D:2)
  3 dart slugs
  4 endoplasms
  2 giant cockroaches (D:2)
  4 goblins
  9 hobgoblins
  2 quokkas (D:1)
  3 ball pythons
  3 bats (D:1)
  2 frilled lizards
  5 kobolds
  3 rats (D:1)
42 creatures vanquished.

Notes
Turn   | Place    | Note
-------+----------+-------------------------------------------
     0 | D:1      | vurker the Vine Stalker Necromancer began the quest for the
                  | Orb.
     0 | D:1      | Reached XP level 1. HP: 9/9 MP: 4/4
   135 | D:1      | Reached skill level 1 in Unarmed Combat
   140 | D:1      | Reached XP level 2. HP: 8/14 MP: 4/6
   870 | D:1      | Found a faded altar of an unknown god.
   876 | D:1      | Reached skill level 1 in Fighting
  1210 | D:1      | Reached XP level 3. HP: 15/18 MP: 7/7
  2454 | D:3      | Gained mutation: Your natural rate of healing is unusually
                  | fast. [Vine Stalker growth]
  2454 | D:3      | Reached XP level 4. HP: 12/22 MP: 8/8
  2488 | D:3      | Noticed Ijyb
  2500 | D:3      | Killed from afar by Ijyb

Illustrated notes

Levels and vault maps discovered:
D:1:      dpeg_arrival_central, layout_rooms,
          shapermc_ecumenical_altar_mp_ritualfount
D:2:      layout_loops_ring, corexii_hall_statues_t
D:3:      layout_basic, serial_curves, eino_curves_03, eino_curves_01,
          uniq_jessica, uniq_terence, uniq_ijyb

Skill      XL: |  1  2 |
---------------+-------+-----
Unarmed Combat | 1 2 |  2.9
Fighting       | 1 |  1.6
Dodging        | |  1.5
Stealth        | |  2.4
Spellcasting   | |  2.1
Necromancy     | |  4.0

Action                   |  1- 3 |  4- 6 || total
-------------------------+-------+-------++-------
Melee: Unarmed           |   171 |     8 ||   179
       Bite              |    55 |     2 ||    57
       Punch             |     2 |       ||     2
 Stab: Sleeping          |     6 |       ||     6
Armor: Robe              |    11 |       ||    11
       Ring mail         |    35 |       ||    35
Dodge: Dodged            |    74 |     2 ||    76

Table legend: (Time is in decaauts)
 A = Elapsed time spent in this place.
 B = Non-inter-level travel time spent in this place.
 C = Inter-level travel time spent in this place.
 D = Time resting spent in this place.
 E = Time spent auto-exploring this place.
 F = Levels seen in this place.
 G = Mean time per level.
                   A        B        C        D        E       F      G
               +--------+--------+--------+--------+--------+-----+--------+
         Total |   2493 |   2383 |    110 |      0 |   1972 |   3 |  831.0 |
       Dungeon |   2493 |   2383 |    110 |      0 |   1972 |   3 |  831.0 |
               +--------+--------+--------+--------+--------+-----+--------+

Top non-repeatable levels by time:
     D:1: 1566 daAuts
     D:2: 788 daAuts
     D:3: 138 daAuts
